 Dungeon Crawl Stone Soup version 0.28-a0-1518-gbe868bca14 (webtiles) character file.

Game seed: 13507764588416799994

865 leviel the Chopper (level 8, -4/70 HPs)
             Began as a Hill Orc Fighter on Jan 17, 2022.
             Slain by Prince Ribbit (11 damage)
             ... on level 6 of the Dungeon.
             The game lasted 00:07:49 (5422 turns).

leviel the Chopper (Hill Orc Fighter)               Turns: 5422, Time: 00:07:50

Health: -4/70      AC: 10    Str: 21    XL:     8   Next: 3%
Magic:  8/8        EV:  9    Int:  8    God:
Gold:   221        SH:  0    Dex: 13    Spells: 7/7 levels left

rFire   + . .      SeeInvis .   a - +1 executioner's axe
rCold   . . .      Faith    .   (shield currently unavailable)
rNeg    . . .      Spirit   .   b - +1 scale mail
rPois   .          Reflect  .   (no helmet)
rElec   .          Harm     .   e - +1 cloak of Piti {rF+ Dex+3}
rCorr   .          Rampage  .   (no gloves)
Will    .....                   (no boots)
Stlth   ..........              (no amulet)
HPRegen 0.21/turn               (no ring)
MPRegen 0.11/turn               (no ring)

@: mighty, attractive, hasted, very quick
A: no striking features
a: no special abilities


You were on level 6 of the Dungeon.
You visited 1 branch of the dungeon, and saw 6 of its levels.

You collected 221 gold pieces.

Inventory:

Hand Weapons
 a - a +1 executioner's axe (weapon)
 o - a +0 war axe
Armour
 b - a +1 scale mail (worn)
 e - the +1 cloak of Piti (worn) {rF+ Dex+3}
   (You acquired it on level 4 of the Dungeon)

   Dex:       It affects your dexterity (+3).
   rF:        It protects you from fire.
Wands
 t - a wand of iceblast (8)
Scrolls
 f - 3 scrolls of teleportation
 j - 4 scrolls of identify {@r1}
 l - a scroll of vulnerability {unknown}
Potions
 c - 2 potions of haste
 g - a potion of attraction
 h - a potion of cancellation {unknown}
 i - a potion of curing {unknown}
 k - a potion of heal wounds {unknown}
 m - a potion of lignification {unknown}
 q - 2 potions of degeneration {unknown}


   Skills:
 + Level 6.1 Fighting
 * Level 7.2 Axes
 + Level 5.5 Armour
 + Level 5.5 Shields


You had 7 spell levels left.
You didn't know any spells.
Your spell library was empty.

Dungeon Overview and Level Annotations

Branches:
Dungeon (6/15)
 Temple: D:4-7

Altars:
Hepliaklqana
Kikubaaqudgha
Zin

Shops:
D:3 *

Annotations:
D:6 Prince Ribbit


Message History

Prince Ribbit hits you! Prince Ribbit hits you.
You barely miss Prince Ribbit.
Prince Ribbit is lightly wounded.
Prince Ribbit hits you. x2
You barely miss Prince Ribbit.
Prince Ribbit is lightly wounded.
Prince Ribbit hits you. Prince Ribbit closely misses you.
You barely miss Prince Ribbit.
Prince Ribbit is lightly wounded.
Prince Ribbit hits you but does no damage.
Prince Ribbit hits you!
* * * LOW HITPOINT WARNING * * *
Prince Ribbit blinks!
Okay, then.
You start resting.
Prince Ribbit is nearby!
You feel yourself speed up.
Prince Ribbit blinks!
You hit Prince Ribbit but do no damage.
Prince Ribbit is lightly wounded.
Prince Ribbit blinks!
You feel very mighty all of a sudden.
You are too injured to fight recklessly!
Prince Ribbit barely misses you.
You closely miss Prince Ribbit.
Prince Ribbit is lightly wounded.
Prince Ribbit hits you.
* * * LOW HITPOINT WARNING * * *
You closely miss Prince Ribbit.
Prince Ribbit is lightly wounded.
Prince Ribbit hits you.
* * * LOW HITPOINT WARNING * * *
Prince Ribbit blinks!
Prince Ribbit blinks!
It was a potion of attraction.
You feel attractive to monsters. Prince Ribbit is attracted toward you.
You miss Prince Ribbit.
Prince Ribbit is lightly wounded.
Prince Ribbit hits you!
You die...

###########+#+
#..<..........
#$..@..#####?.
#...F..#
#.(.§..#
#......#
#......#
#.§....#
#......#
#####... #####


You could see Prince Ribbit.

Vanquished Creatures
  A steam dragon (D:5)
  A necrophage (D:4)
  A centaur (D:5)
  A wyvern zombie (D:5)
  A water moccasin skeleton (D:3)
  A howler monkey (D:5)
  3 hounds
  An orc priest (D:4)
  2 jellies
  A centaur skeleton (D:5)
  An iguana (D:5)
  9 adders
  3 dart slugs (D:2)
  6 orcs
  7 ball pythons
  5 bats
  6 endoplasms
  2 giant cockroaches (D:3)
  9 goblins
  6 hobgoblins
  9 jackals
  4 quokkas
  4 frilled lizards
  7 kobolds
  4 rats
95 creatures vanquished.

Notes
Turn   | Place    | Note
-------+----------+-------------------------------------------
     0 | D:1      | leviel the Hill Orc Fighter began the quest for the Orb.
     0 | D:1      | Reached XP level 1. HP: 19/19 MP: 1/1
   162 | D:1      | Reached skill level 3 in Axes
   162 | D:1      | Reached XP level 2. HP: 17/27 MP: 2/2
   601 | D:1      | Reached XP level 3. HP: 29/33 MP: 3/3
  1077 | D:2      | Found a faded altar of an unknown god.
  1219 | D:2      | Reached XP level 4. HP: 37/40 MP: 4/4
  1723 | D:2      | Reached skill level 4 in Axes
  2049 | D:3      | Reached XP level 5. HP: 38/47 MP: 5/5
  2732 | D:3      | Found a glowing silver altar of Zin.
  2733 | D:3      | Found Zin's Purification Station.
  3124 | D:4      | Reached XP level 6. HP: 55/55 MP: 6/6
  3125 | D:4      | Reached skill level 5 in Fighting
  3155 | D:4      | Noticed a necrophage
  3162 | D:4      | Reached skill level 5 in Axes
  3162 | D:4      | Killed a necrophage
  3241 | D:4      | Identified a scroll of acquirement
  3241 | D:4      | Acquired the +1 cloak of Piti {rF+ Dex+3}
  3448 | D:4      | Found an ancient bone altar of Kikubaaqudgha.
  3448 | D:4      | Found a hazy altar of Hepliaklqana.
  3589 | D:5      | Entered Level 5 of the Dungeon
  3720 | D:5      | Reached XP level 7. HP: 24/61 MP: 7/7
  3917 | D:5      | Reached skill level 5 in Armour
  3940 | D:5      | Reached skill level 5 in Shields
  3940 | D:5      | HP: 2/61 [howler monkey (2)]
  3948 | D:5      | Reached skill level 6 in Axes
  4932 | D:5      | Noticed a steam dragon
  4946 | D:5      | Killed a steam dragon
  4947 | D:5      | Reached skill level 7 in Axes
  4947 | D:5      | Reached XP level 8. HP: 30/70 MP: 8/8
  5397 | D:6      | Noticed Prince Ribbit
  5422 | D:6      | Slain by Prince Ribbit

Illustrated notes

Levels and vault maps discovered:
D:1:      dpeg_arrival_three_same_balls, layout_basic, chequers_garden
D:2:      layout_basic, chequers_ecumenical_altar_simple_redux,
          minmay_quadrilaterals
D:3:      layout_rooms, zin_purify
D:4:      layout_cave_pools, gammafunk_temple_overflow_elements
D:5:      kennysheep_six_static_rooms, layout_basic
D:6:      layout_basic, nicolae_ashenzari_panopticon, trog_butcher_becter,
          temple_hall, st_stairs_13, nicolae_specific_store,
          small_statue_intersection, minmay_increasing_density,
          uniq_blork_the_orc, uniq_prince_ribbit1

Skill      XL: |  1  2  3  4  5  6  7 |
---------------+----------------------+-----
Axes           | 3 4 5 7 |  7.2
Fighting       | 4 5 6 |  6.1
Shields        | 4 5 |  5.5
Armour         | 4 5 |  5.5

Action                   |  1- 3 |  4- 6 |  7- 9 || total
-------------------------+-------+-------+-------++-------
Melee: War axe           |    90 |    85 |       ||   175
       Executioner's axe |       |    91 |    61 ||   152
  Use: Scroll            |       |     3 |     9 ||    12
       Potion            |       |       |     7 ||     7
 Stab: Distracted        |       |     1 |       ||     1
Armor: Scale mail        |    65 |   118 |    61 ||   244
Dodge: Dodged            |    52 |   107 |    53 ||   212
Block: Buckler           |    32 |    14 |       ||    46

Table legend: (Time is in decaauts)
 A = Elapsed time spent in this place.
 B = Non-inter-level travel time spent in this place.
 C = Inter-level travel time spent in this place.
 D = Time resting spent in this place.
 E = Time spent auto-exploring this place.
 F = Levels seen in this place.
 G = Mean time per level.
                   A        B        C        D        E       F      G
               +--------+--------+--------+--------+--------+-----+--------+
         Total |   5576 |   5446 |    130 |    652 |   3919 |   6 |  929.3 |
       Dungeon |   5576 |   5446 |    130 |    652 |   3919 |   6 |  929.3 |
               +--------+--------+--------+--------+--------+-----+--------+

Top non-repeatable levels by time:
     D:5: 1840 daAuts
     D:1: 1101 daAuts
     D:3: 1069 daAuts
     D:2: 994 daAuts
     D:4: 542 daAuts
     D:6: 28 daAuts
